 Dungeon Crawl Stone Soup version 0.30-a0-900-g23479c02f2 (webtiles) character file.

Game seed: 14488280621883607763

9748 OrthodoxDeviant the Stormcaller (level 11, -5/54 HPs)
             Began as a Tengu Air Elementalist on Mar 17, 2023.
             Was a Believer of Vehumet.
             Slain by a hornet (11 damage)
             ... while paralysed by a hornet
             ... on level 9 of the Dungeon on Mar 18, 2023.
             The game lasted 01:12:20 (13908 turns).

OrthodoxDeviant the Stormcaller (TeAE)             Turns: 13908, Time: 01:12:21

Health: -5/54      AC:  6    Str:  8    XL:     11   Next: 51%
Magic:  34/34      EV:  2    Int: 18    God:    Vehumet [**....]
Gold:   733        SH:  0    Dex: 19    Spells: 16/28 levels left

rFire   . . .      SeeInvis .    V - +1 war axe (vamp)
rCold   + . .      Faith    .    (no shield)
rNeg    . . .      Spirit   .    S - +0 steam dragon scales
rPois   .          Reflect  .    (helmet restricted)
rElec   .          Rampage  .    G - +0 cloak
rCorr   .                        (no gloves)
Will    +....                    (boots unavailable)
Stlth   ++                       k - amulet of magic regeneration
HPRegen 0.29/turn                F - ring of willpower
MPRegen 0.64/turn                N - ring of magical power

@: paralysed, swift, attractive, flying quickly and evasively, slowed, very
quick
A: beak, talons 3, nimble flight, agile 1, cold resistance 1
a: Renounce Religion


You were on level 9 of the Dungeon.
You worshipped Vehumet.
Vehumet was pleased with you.
You visited 3 branches of the dungeon, and saw 12 of its levels.

You collected 733 gold pieces.

Inventory:

Hand Weapons
 n - a +2 whip of electrocution
 V - a +1 vampiric war axe (weapon)
Missiles
 I - 2 throwing nets
Armour
 a - a +0 robe
 A - a +0 leather armour of positive energy
 G - a +0 cloak (worn)
 S - +0 steam dragon scales (worn)
 T - a +2 leather armour of poison resistance
 U - a +0 kite shield
Magical Staves
 e - a staff of cold
Jewellery
 k - an amulet of magic regeneration (around neck)
 m - the amulet "Yfaih" {Spirit rElec Str+3}
   (You took it off a goblin on level 2 of the Dungeon)

   [amulet of guardian spirit]

   It causes incoming damage to be divided between your reserves of health and
   magic.
   Str:       It affects your strength (+3).
   rElec:     It insulates you from electricity.
 F - a ring of willpower (left hand)
 N - a ring of magical power (right hand)
 R - a +6 ring of intelligence
Wands
 t - a wand of acid (8)
 C - a wand of charming (14)
 K - a wand of polymorph (15)
 P - a wand of roots (3)
Scrolls
 d - a scroll of poison
 f - 2 scrolls of vulnerability
 g - 4 scrolls of enchant weapon {unknown}
 i - 3 scrolls of brand weapon {unknown}
 j - a scroll of fog
 q - a scroll of butterflies {unknown}
 r - 3 scrolls of immolation
 w - a scroll of teleportation {unknown}
 y - 12 scrolls of identify {unknown}
 H - 2 scrolls of silence
 J - a scroll of torment {unknown}
 M - a scroll of acquirement {unknown}
 Q - 2 scrolls of blinking {unknown}
Potions
 b - 2 potions of magic
 l - 3 potions of resistance
 s - 4 potions of mutation
 u - a potion of brilliance
 v - 5 potions of lignification
 z - a potion of cancellation
 B - a potion of curing
 D - a potion of berserk rage {unknown}
 E - a potion of flight {unknown}
 L - 2 potions of ambrosia {unknown}
 O - a potion of haste {unknown}


   Skills:
 - Level 2.1 Dodging
 - Level 2.0 Stealth
 + Level 9.1 Spellcasting
 + Level 12.6 Conjurations
 + Level 15.0 Air Magic


You had 16 spell levels left.
You knew the following spells:

 Your Spells              Type           Power      Damage    Failure   Level
a - Shock                 Conj/Air       100%       1d9       1%          1
b - Static Discharge      Conj/Air       100%       2-7/arc   1%          2
c - Airstrike             Air            29%        2d(5-21)  1%          4
d - Swiftness             Air            58%        N/A       1%          3
e - Apportation           Tloc           16%        N/A       9%          1
f - Magic Dart            Conj           100%       1d8       1%          1

Your spell library contained the following spells:

 Spells                   Type           Power      Damage    Failure   Level
 Dazzling Flash           Conj/Hex       62%        N/A       1%          3
 Alistair's Intoxication  Tmut/Pois      5%         N/A       94%         5


Dungeon Overview and Level Annotations

Branches:
Dungeon (10/15)            Temple (1/1) D:6            Lair (1/5) D:8
    Orc (0/2) D:9

Altars:
Cheibriados
Dithmenos
Elyvilon
Gozag
Hepliaklqana
Qazlal
Ru
Trog
Uskayaw
Vehumet
Zin
The Shining One

Annotations:
D:9 3 runed translucent doors, gelatine's ghost, journeyman DsFE


Innate Abilities, Weirdness & Mutations

You have a beak for a mouth.
You have claws for feet.
Your magical nature lets you fly swiftly and evasively.
You are agile. (Dex +4, Str/Int -1)
Your flesh is cold resistant. (rC+)


Message History

You feel sick.
You feel sick. The hornet stings you.
* * * LOW HITPOINT WARNING * * *
You feel as though you will be slow longer.
You feel better.
The hornet stings you but does no damage.
The hornet barely misses you.
Okay, then.
Okay, then.
Casting: Swiftness (safe; 1% risk of failure)
Confirm with . or Enter, or press ? or * to list all spells.
Okay, then.
Okay, then.
As you read the scroll labelled IPAKLA WIJ FEM, it crumbles to dust.
You hear a loud clanging noise!
It was a scroll of noise.
The hornet stings you.
* * * LOW HITPOINT WARNING * * *
You feel as though you will be slow longer.
The hornet completely misses you.
Okay, then.
As you read the scroll labelled FAEGHU KOAGOSM, it crumbles to dust.
It is a scroll of enchant armour.
Your +1 leather armour of poison resistance glows green for a moment.
The hornet misses you. x2; The hornet barely misses you.
Okay, then.
You feel better.
The hornet stings you but does no damage.
The hornet barely misses you.
Okay, then.
It was a potion of attraction.
You feel attractive to monsters. The hornet closely misses you.
The hornet stings you!
* * * LOW HITPOINT WARNING * * *
You suddenly lose the ability to move!
The hornet stings you but does no damage.
The hornet stings you.
* * * LOW HITPOINT WARNING * * *
You feel as though you will be slow longer.
The hornet stings you!
You die...

#####..# #.# .......#
#.# .......## ### ###
........# #§# .....)..#
#§# ........# #§#
........######## #§#
.........).....######.#
......>)........@y....#
......................#
#######################
######### #.......#
#.......#


You could see a hornet.

Vanquished Creatures
  2 two-headed ogres
  Pikel (D:5)
  An elephant (D:8)
  A cyclops (D:8)
  Maggie (D:9)
  Grinder (D:3)
  Sigmund (D:4)
  A slime creature (D:9)
  2 yaks
  A basilisk (D:8)
  Eustachio (D:5)
  A wyvern (D:9)
  A golden eye (shapeshifter) (D:8)
  Duvessa (D:5)
  2 water moccasins (D:7)
  2 orc warriors
  2 sky beasts
  4 ice beasts
  12 ogres
  A black bear (D:8)
  2 centaurs (D:8)
  A kobold brigand (D:7)
  A lemure (D:5)
  4 gnoll sergeants (D:7)
  3 bullfrogs
  3 scorpions
  8 wights
  Dowan (D:5)
  7 killer bees
  4 electric eels (D:7)
  11 howler monkeys
  2 jellies
  10 hounds
  5 orc priests (D:7)
  5 gnoll boudas
  2 iguanas
  2 sleepcaps (D:4)
  10 orc wizards
  Robin (D:2)
  18 gnolls
  9 adders
  A white imp (D:5)
  An ufetubus (D:4)
  A worm (D:2)
  3 dart slugs
  14 orcs
  11 ball pythons
  4 endoplasms
  3 giant cockroaches
  18 goblins
  5 hobgoblins
  7 jackals
  3 quokkas
  8 bats
  6 frilled lizards
  5 kobolds
  3 rats (D:2)
241 creatures vanquished.

Vanquished Creatures (others)
  55 plants
55 creatures vanquished.

Grand Total: 296 creatures vanquished

Notes
Turn   | Place    | Note
-------+----------+-------------------------------------------
     0 | D:1      | OrthodoxDeviant the Tengu Air Elementalist began the quest
                  | for the Orb.
     0 | D:1      | Reached XP level 1. HP: 10/10 MP: 4/4
   194 | D:1      | Reached XP level 2. HP: 15/15 MP: 0/6
   521 | D:1      | Learned a level 2 spell: Static Discharge
   688 | D:1      | Reached XP level 3. HP: 19/19 MP: 5/7
  1218 | D:2      | Reached skill level 5 in Air Magic
  1239 | D:2      | Noticed Robin
  1860 | D:2      | Identified the amulet "Yfaih" {Spirit rElec Str+3}
  1870 | D:2      | Reached XP level 4. HP: 16/24 MP: 6/8
  1882 | D:2      | Killed Robin
  2184 | D:3      | Noticed Grinder
  2358 | D:3      | Gained mutation: Your magical nature lets you fly swiftly
                  | and evasively. [Tengu growth]
  2358 | D:3      | Reached XP level 5. HP: 28/28 MP: 7/10
  2363 | D:3      | Learned a level 4 spell: Airstrike
  2560 | D:3      | Reached skill level 6 in Air Magic
  2891 | D:4      | Noticed Sigmund
  3337 | D:5      | Entered Level 5 of the Dungeon
  3342 | D:5      | Reached XP level 6. HP: 29/32 MP: 6/11
  3476 | D:5      | Noticed Dowan
  3595 | D:5      | Reached skill level 7 in Air Magic
  3614 | D:5      | Noticed Eustachio
  3684 | D:5      | Killed Eustachio
  3719 | D:5      | Noticed Pikel
  3875 | D:5      | Reached skill level 8 in Air Magic
  3875 | D:5      | Reached XP level 7. HP: 36/36 MP: 10/13
  3879 | D:5      | Learned a level 3 spell: Swiftness
  3881 | D:5      | Learned a level 1 spell: Apportation
  4059 | D:5      | Reached skill level 5 in Conjurations
  4489 | D:5      | Noticed Duvessa
  4512 | D:5      | Killed Duvessa
  4589 | D:5      | Killed Dowan
  5305 | D:6      | Reached skill level 9 in Air Magic
  5367 | D:6      | Found a staircase to the Ecumenical Temple.
  5378 | Temple   | Entered the Ecumenical Temple
  5388 | Temple   | Became a worshipper of Vehumet
  5439 | D:6      | Reached XP level 8. HP: 41/41 MP: 13/15
  5698 | D:6      | Reached skill level 10 in Air Magic
  5746 | D:6      | Reached * piety under Vehumet
  5746 | D:6      | Offered knowledge of Magic Dart by Vehumet.
  6000 | D:6      | Learned a level 1 spell: Magic Dart
  6895 | D:6      | Reached skill level 5 in Spellcasting
  7513 | D:7      | Reached skill level 11 in Air Magic
  7513 | D:7      | Reached XP level 9. HP: 40/45 MP: 12/17
  8108 | D:7      | Reached skill level 12 in Air Magic
  8667 | D:7      | Reached XP level 10. HP: 50/50 MP: 16/21
  8732 | D:7      | Offered knowledge of Kiss of Death by Vehumet.
  8851 | D:7      | Reached ** piety under Vehumet
  8894 | D:7      | Reached skill level 13 in Air Magic
  8907 | D:7      | Reached skill level 10 in Conjurations
  9345 | D:7      | Noticed a two-headed ogre
  9381 | D:7      | Killed a two-headed ogre
  9913 | D:8      | Noticed an elephant
 10080 | D:8      | Killed an elephant
 10163 | D:8      | Found a stormy altar of Qazlal.
 10232 | D:8      | Reached skill level 14 in Air Magic
 10266 | D:8      | Found a staircase to the Lair.
 10501 | D:8      | Reached XP level 11. HP: 42/54 MP: 4/24
 10794 | D:8      | Noticed a cyclops
 10856 | D:8      | Killed a cyclops
 11242 | D:4      | Killed Sigmund
 11791 | D:3      | Upgraded the game from 0.30-a0-883-g5ad918d77d to
                  | 0.30-a0-900-g23479c02f2
 11873 | D:3      | Killed Grinder
 11958 | D:5      | Killed Pikel
 12168 | D:9      | Found a glowing silver altar of Zin.
 12220 | D:9      | Noticed a manticore
 12228 | D:9      | Found a runed translucent gate.
 12228 | D:9      | Found a runed translucent gate.
 12228 | D:9      | Found a runed translucent gate.
 12228 | D:9      | Noticed a red ugly thing
 12228 | D:9      | Noticed gelatine's ghost (journeyman DsFE)
 12230 | D:9      | Noticed a two-headed ogre
 12322 | D:9      | Found a staircase to the Orcish Mines.
 12356 | D:9      | Found a hide-covered altar of Uskayaw.
 12453 | D:9      | Noticed a two-headed ogre
 12458 | D:9      | Killed a two-headed ogre
 12623 | D:9      | Offered knowledge of Dazzling Flash by Vehumet.
 12746 | D:9      | Noticed Maggie
 12751 | D:9      | Killed Maggie
 13570 | Lair:1   | Entered Level 1 of the Lair of Beasts
 13722 | D:10     | Entered Level 10 of the Dungeon
 13722 | D:10     | Noticed a two-headed ogre
 13790 | D:9      | Reached skill level 15 in Air Magic
 13856 | D:10     | Noticed a two-headed ogre
 13876 | D:9      | Gained mutation: You are agile. (Dex +4, Str/Int -1)
                  | [potion of mutation]
 13876 | D:9      | Gained mutation: Your flesh is cold resistant. (rC+)
                  | [potion of mutation]
 13886 | D:9      | Paralysed by a hornet for 1 turns
 13906 | D:9      | Paralysed by a hornet for 3 turns
 13908 | D:9      | Slain by a hornet

Illustrated notes

Levels and vault maps discovered:
D:1:      mainiacjoe_arrival_reflecting_pool, layout_basic, serial_forest,
          infiniplex_forest_clump_curved, infiniplex_forest_zigzag_1,
          infiniplex_forest_clump_large, infiniplex_forest_clump_double,
          nrook_uturn, minmay_tetromino_s2
D:2:      layout_basic, grunt_ministairs_6, nicolae_kite_square_tiling_tiny,
          uniq_robin
D:3:      layout_loops_cross, kennysheep_cross_room, minmay_circle_x,
          uniq_grinder
D:4:      layout_basic, minmay_box_of_dots, uniq_sigmund
D:5:      layout_basic, uniq_eustachio, uniq_duvessa, uniq_pikel
D:6:      layout_loops_corners, minmay_temple_entry_crystal_x,
          grunt_decor_fettered
D:7:      lemuel_castle_with_subvaults [lemuel_castle_interior_carwin_1],
          layout_basic, serial_bayou, serial_bayou_pond_b, serial_bayou_pond_b,
          serial_bayou_pond_e, serial_bayou_lagoon_a, serial_bayou_pond_b,
          serial_bayou_shore_b
D:8:      layout_loops_ring, overflow_temple_1_default, david_lair_generic,
          minmay_three_doors
D:9:      layout_small_grid, overflow_temple_1_default, zin_academy,
          orc_0_dummy, gammafunk_ghost_split, serial_shops,
          nicolae_shop_behind_doors, uniq_maggie
D:10:     layout_cross, uniq_harold, uniq_josephine
Temple:   hellmonk_temple_of_storms
Lair:1:   layout_long_grid, eino_small_chamber_without_monster,
          cheibrodos_lair_caveside_slide, grunt_forest_small_clearings,
          beast_lair_carwin_3, uniq_nergalle

Skill      XL: |  1  2  3  4  5  6  7  8  9 10 11 |
---------------+----------------------------------+-----
Conjurations   | 2 3 4 5 7 9 11 12 | 12.6
Air Magic      | 5 6 8 9 11 12 14 15 | 15.0
Spellcasting   | 3 4 5 6 8 9 |  9.1
Dodging        | |  2.1
Stealth        | |  2.0

Action                     |  1- 3 |  4- 6 |  7- 9 | 10-12 || total
---------------------------+-------+-------+-------+-------++-------
  Melee: War axe           |       |       |       |    12 ||    12
         Spear             |       |       |       |     1 ||     1
   Cast: Shock             |    82 |   120 |   190 |    16 ||   408
         Static Discharge  |     1 |    16 |    11 |     3 ||    31
         Magic Dart        |       |       |    29 |       ||    29
         Airstrike         |       |       |    47 |   155 ||   202
         Swiftness         |       |       |       |     2 ||     2
  Evoke: Wand              |       |       |       |     2 ||     2
    Use: Scroll            |       |       |     2 |     8 ||    10
         Potion            |       |       |       |    12 ||    12
 Armour: Robe              |     2 |    14 |     4 |     2 ||    22
         Leather armour    |       |       |     2 |       ||     2
         Skin              |       |       |       |    29 ||    29
         Steam dragon scal |       |       |       |     9 ||     9
  Dodge: Dodged            |     9 |    41 |    20 |    47 ||   117

Table legend: (Time is in decaauts)
 A = Elapsed time spent in this place.
 B = Non-inter-level travel time spent in this place.
 C = Inter-level travel time spent in this place.
 D = Time resting spent in this place.
 E = Time spent auto-exploring this place.
 F = Levels seen in this place.
 G = Mean time per level.
                   A        B        C        D        E       F      G
               +--------+--------+--------+--------+--------+-----+--------+
         Total |  13154 |  10730 |   2424 |   1538 |   7271 |  12 | 1096.2 |
       Dungeon |  13133 |  10722 |   2411 |   1538 |   7271 |  10 | 1313.3 |
        Temple |     18 |      5 |     13 |      0 |      0 |   1 |   18.0 |
          Lair |      1 |      1 |      0 |      0 |      0 |   1 |    1.0 |
               +--------+--------+--------+--------+--------+-----+--------+

Top non-repeatable levels by time:
     D:7: 2556 daAuts
     D:6: 2246 daAuts
     D:5: 2135 daAuts
     D:8: 1285 daAuts
     D:1: 1166 daAuts
     D:4: 1123 daAuts
     D:2: 1028 daAuts
     D:3: 805 daAuts
     D:9: 777 daAuts
  Temple: 18 daAuts
    D:10: 8 daAuts
  Lair:1: 1 daAuts
